[Event "*** Titled Tuesday Blitz"]
[Site "Chess.com"]
[Date "2020.11.24"]
[Round "6"]
[White "Unknown_IM"]
[Black "Susal_De_Silva"]
[Result "0-1"]
[WhiteElo "2392"]
[BlackElo "2533"]
[TimeControl "180+1"]
[EndTime "11:22:48 PST"]
[Termination "Susal_De_Silva won by resignation"]

1. e4 e5 2. Nf3 Nc6 3. Bb5 a6 4. Ba4 Nf6 5. d3 b5 6. Bb3 Be7 7. Bd5 Bd6 8. Bg5 O-O 9. O-O Bb7 10. a3 h6 11. Bh4 g5 12. Bg3 Nxd5 13. exd5 Ne7 14.
Bxe5 Bxe5 15. Nxe5 Nxd5 16. Qh5 Kg7 17. g3 d6 18. Ng4 Rh8 19. c4 Ne7 20. Ne3 Qd7 21.
Nc3 Ng6 22. cxb5 axb5 23. d4 Rae8 24. d5 c6 25. Rad1 c5 26. b4 c4 27. Ne2 Ne5 28.
Nd4 Bc8 29. Nef5+ Qxf5 30. Nxf5+ Bxf5 31. f4 Bg4 32. Qxg4 Nxg4 33. Rd4 Ne3 34. Rf2 g4 35. f5 c3 36. f6+ Kg6 37. Re2 c2 38. Re1 Nd1 39. Rf1 h5 40. Rdxd1 cxd1=Q 41. Rxd1 Re2 42. Rf1 Rc8 43. h4 gxh3 44. g4 hxg4 45. a4 Rcc2 46.
Rf4 Rg2+ 0-1

[Event "*** Titled Tuesday Blitz"]
[Site "Chess.com"]
[Date "2020.11.24"]
[Round "6"]
[White "AniJak"]
[Black "Ashedu66"]
[Result "0-1"]
[WhiteElo "2330"]
[BlackElo "2248"]
[TimeControl "180+1"]
[EndTime "11:22:48 PST"]
[Termination "Ashedu66 won on time"]

1. e4 e5 2. Nf3 Nc6 3. Bb5 Nge7 4.
c3 g6 5. d4 exd4 6. cxd4 d5 7.
e5 Bg7 8. O-O O-O 9. Bg5 h6 10.
Bf4 Bg4 11. Be3 Nf5 12. Bxc6 bxc6 13. h3 Bxf3 14. Qxf3 f6 15. Qg4 Kh7 16. exf6 Qxf6 17. Nd2 Nxd4 18. Bxd4 Qxd4 19. Nb3 Qxg4 20. hxg4 Bxb2 21.
Rab1 Be5 22. Rbc1 Bd6 23. Rxc6 Rfe8 24. Rd1 Re2 25. a4 Rae8 26. g3 Rf8 27. Rf1 Re4 28. Ra6 Rb4 29. Nd2 Rb2 30. Nb1 Bc5 31. Rc6 Bb6 32. Nc3 Rfxf2 33. Rxf2 Bxf2+ 34. Kf1 Bxg3 35. Nxd5 Ra2 36. Ra6 h5 37. gxh5 gxh5 38. Rxa7 h4 39. Nxc7 h3 40. Ne6+ Kh6 0-1

[Event "*** Titled Tuesday Blitz"]
[Site "Chess.com"]
[Date "2020.11.24"]
[Round "6"]
[White "halldorgretar"]
[Black "Let_it_be_1"]
[Result "1/2-1/2"]
[WhiteElo "2162"]
[BlackElo "2624"]
[TimeControl "180+1"]
[EndTime "11:22:49 PST"]
[Termination "Game drawn by repetition"]

1. d4 e6 2. c4 d5 3. Nf3 Be7 4. g3 Nf6 5. Bg2 O-O 6. O-O dxc4 7. Ne5 Nc6 8. Nxc6 bxc6 9. Na3 Bxa3 10. bxa3 Rb8 11. Qa4 Qxd4 12. Be3 Qg4 13. Bf3 Qh3 14. Qxc4 e5 15. Bxa7 Ra8 16. Bc5 Re8 17. Bg2 Qh5 18. Bxc6 Ba6 19. Qc2 Bxe2 20. Rfe1 Bf3 21. Bxa8 Bxa8 22.
Qc3 Qh3 23. f3 e4 24. Re3 Nd5 25. Qd4 Nxe3 26. Qxe3 h6 27. f4 Rd8 28. Re1 Rd3 29. Qf2 f5 30. Qg2 Qxg2+ 31. Kxg2 e3+ 32. Kf1 Rd2 33. Bxe3 Rxh2 34. Bf2 Bf3 35. Re8+ Kf7 36. Rc8 c6 37. a4 Rh1+ 38. Bg1 Rh3 39. Bf2 c5 40. a5 Rh1+ 41. Bg1 Rh3 42. Bf2 Rh1+ 43. Bg1 Be2+ 44. Kg2 Bf3+ 45. Kf1 1/2-1/2

[Event "*** Titled Tuesday Blitz"]
[Site "Chess.com"]
[Date "2020.11.24"]
[Round "6"]
[White "Nadeev_Sergey"]
[Black "FMJoseHerrera"]
[Result "0-1"]
[WhiteElo "2457"]
[BlackElo "2585"]
[TimeControl "180+1"]
[EndTime "11:22:50 PST"]
[Termination "FMJoseHerrera won on time"]

1. d4 Nf6 2. Bf4 c5 3. dxc5 a5 4. a4 Na6 5. Nc3 Nxc5 6. g3 d6 7. Bg2 g6 8. e4 Ne6 9. Be3 Bg7 10. h3 O-O 11. Nge2 Bd7 12. O-O Bc6 13. Qd2 Re8 14. Rfd1 Nd7 15. Nd5 Bxd5 16. exd5 Nec5 17. Nd4 Ne5 18.
b3 Rc8 19. Rab1 Na6 20. f4 Nd7 21. Nb5 Nb4 22. c3 Na6 23. Rdc1 Nac5 24. Bd4 Nf6 25. Re1 h5 26. f5 Qd7 27. fxg6 fxg6 28. Qg5 Kh7 29. Re3 e5 30. dxe6 Nxe6 31. Qh4 g5 32. Rxe6 gxh4 33. Rxd6 Qe7 34. Rf1 Rf8 35. Rf5 Qe1+ 36.
Rf1 Qe7 37. Rf5 hxg3 38. h4 Ng4 39. Rxh5+ Kg8 40. Bd5+ Rf7 41. Rf5 Qe1+ 42. Kg2 Qe2+ 43. Kxg3 Qd3+ 0-1

[Event "*** Titled Tuesday Blitz"]
[Site "Chess.com"]
[Date "2020.11.24"]
[Round "6"]
[White "Sharpchess22"]
[Black "Sebastian"]
[Result "1/2-1/2"]
[WhiteElo "2818"]
[BlackElo "2915"]
[TimeControl "180+1"]
[EndTime "11:22:51 PST"]
[Termination "Game drawn by repetition"]

1. e4 c5 2. Nf3 d6 3. d4 cxd4 4. Nxd4 Nf6 5. Nc3 a6 6. h3 e5 7. Nf3 Be7 8. Bc4 Be6 9. Bb3 O-O 10. O-O Nc6 11. Bg5 Na5 12. Qe2 Nxb3 13. axb3 Rc8 14. Rfd1 Qc7 15. Rac1 b5 16. Bxf6 Bxf6 17. Qd2 Qb7 18. Nd5 Bd8 19. c4 h6 20. Qd3 f5 21.
Nd2 Bg5 22. Rc2 Bxd2 23. Rcxd2 bxc4 24. bxc4 fxe4 25. Qxe4 Kh8 26. Qe2 Qb3 27. Ne3 Bxc4 28.
Nxc4 Qxc4 29. Qxc4 Rxc4 30. Rxd6 Rc2 31. R1d2 Rxd2 32.
Rxd2 Rb8 33. f3 a5 34. Kh2 a4 35. Kg3 Rb4 36. Re2 Kh7 37. Re4 Rxe4 38. fxe4 Kg6 39.
Kf3 Kf6 40. Ke3 Kg5 41. g3 h5 42. Kf3 h4 43. g4 Kf6 44. Ke3 Kg5 45. Kf3 Kf6 46. Ke3 Kg5 47. Kf3 1/2-1/2

[Event "*** Titled Tuesday Blitz"]
[Site "Chess.com"]
[Date "2020.11.24"]
[Round "6"]
[White "mbojan"]
[Black "Piotrek1979"]
[Result "1/2-1/2"]
[WhiteElo "2694"]
[BlackElo "2517"]
[TimeControl "180+1"]
[EndTime "11:22:51 PST"]
[Termination "Game drawn by repetition"]

1. Nf3 Nf6 2. g3 g6 3. b3 Bg7 4. Bb2 O-O 5. Bg2 d6 6. d4 c5 7. O-O Ne4 8. Nbd2 f5 9. Qc1 Qa5 10. Nc4 Qc7 11. d5 Bxb2 12. Nxb2 e5 13. dxe6 Bxe6 14. c4 Nc6 15. Nd3 Rae8 16. Nf4 Qg7 17. Nxe6 Rxe6 18. Ng5 Re7 19. Nxe4 fxe4 20. Qc2 Nd4 21.
Qd2 Rxf2 22. Rxf2 e3 23. Bd5+ Kh8 24. Qe1 exf2+ 25. Qxf2 Rxe2 26. Qf1 Qe7 27. Rd1 h5 28. Kh1 Kg7 29. Qf4 Re1+ 30. Rxe1 Qxe1+ 31. Kg2 Qe2+ 32. Kh3 Qe7 33. Kg2 a6 34. Kh3 b5 35. cxb5 axb5 36. a4 bxa4 37. bxa4 g5 38. Qf2 Kh6 39. a5 Qe5 40. Qf8+ Kg6 41. Qf7+ Kh6 42. Qf8+ Kg6 43. Bf7+ Kf5 44. Bd5+ Kg6 1/2-1/2

[Event "*** Titled Tuesday Blitz"]
[Site "Chess.com"]
[Date "2020.11.24"]
[Round "6"]
[White "LiderChessAcademy"]
[Black "beautroll"]
[Result "1-0"]
[WhiteElo "2554"]
[BlackElo "2410"]
[TimeControl "180+1"]
[EndTime "11:22:52 PST"]
[Termination "LiderChessAcademy won by resignation"]

1. d4 Nf6 2. c4 g6 3. Nf3 Bg7 4. g3 O-O 5. Bg2 d5 6. O-O Nc6 7. b3 dxc4 8. bxc4 Ne4 9. Bb2 Na5 10. Qc2 Bf5 11. g4 Ng3 12. gxf5 Nxf1 13. Kxf1 Nc6 14.
e3 e6 15. Nbd2 gxf5 16. Rd1 Qe7 17. d5 Nb4 18. Qb3 e5 19. Nxe5 Bxe5 20. Bxe5 Qxe5 21. Qxb4 Kh8 22. Nf3 Qg7 23. Qc5 Rg8 24. Qd4 f6 25. Bh3 Qg6 26. Qf4 Raf8 27. Bxf5 Qg2+ 28. Ke2 Qg7 29.
Qh4 Qe7 30. c5 Rg7 31. d6 cxd6 32. cxd6 Qd8 33. d7 Qb6 34. Qd4 Qb5+ 35. Qd3 Qxd3+ 36. Rxd3 Rd8 37. Nd2 Kg8 38. Ne4 Kf8 39. Nc5 Kg8 40. Nxb7 Rdxd7 41. Rxd7 Rg1 42. Nd6 Ra1 43. Rxa7 1-0

[Event "*** Titled Tuesday Blitz"]
[Site "Chess.com"]
[Date "2020.11.24"]
[Round "6"]
[White "HajduIstvanCM"]
[Black "TC2304"]
[Result "0-1"]
[WhiteElo "1703"]
[BlackElo "2338"]
[TimeControl "180+1"]
[EndTime "11:22:53 PST"]
[Termination "TC2304 won on time"]

1. e4 c5 2. Nf3 d6 3. d4 cxd4 4. Nxd4 Nf6 5. Nc3 a6 6. Be2 e5 7. Nb3 Be7 8. a4 O-O 9. O-O Be6 10. Be3 Nbd7 11. Qd2 Rc8 12. f3 Nc5 13. Nxc5 dxc5 14. Qxd8 Rfxd8 15. Rfd1 h5 16. Rxd8+ Rxd8 17. Rd1 Rxd1+ 18.
Bxd1 Kf8 19. Be2 Ke8 20. Kf2 Kd7 21. Ke1 Kc6 22. Kd2 Nd7 23. b3 c4 24. Bxc4 Bxc4 25. bxc4 g6 26. Nd5 Bd8 27. c3 f5 28. g3 fxe4 29. fxe4 g5 30. Nb4+ Kd6 31. Nd5 g4 32. Kd3 Nb8 33. c5+ Kc6 34. Nb4+ Kd7 35. Kc4 Ke6 36.
Kd3 Be7 37. Kc4 Bf8 38. Nd5 Nd7 39. Nc7+ Ke7 40. Nd5+ Kd8 41. Nb6 Nb8 42. Kd5 Nc6 0-1

[Event "*** Titled Tuesday Blitz"]
[Site "Chess.com"]
[Date "2020.11.24"]
[Round "6"]
[White "KetiTsatsalashvili"]
[Black "WiktoriaPOL"]
[Result "1-0"]
[WhiteElo "2288"]
[BlackElo "2069"]
[TimeControl "180+1"]
[EndTime "11:22:53 PST"]
[Termination "KetiTsatsalashvili won on time"]

1. Nf3 c5 2. g3 Nc6 3. Bg2 g6 4. O-O Bg7 5. c4 e5 6. Nc3 d6 7. d3 Nge7 8. e4 O-O 9. Nd5 Nxd5 10. cxd5 Ne7 11. Bg5 h6 12. Be3 f5 13. Qd2 g5 14.
exf5 Bxf5 15. h4 g4 16. Nh2 h5 17. Bg5 Qd7 18. Be4 Qe8 19. Rfe1 Qf7 20. Bxe7 Qxe7 21. Nf1 Qf6 22. Ne3 Bh7 23. Qc2 Bh6 24. Bxh7+ Kxh7 25. d4+ Kg7 26. dxe5 dxe5 27. Nc4 Rae8 28. Rad1 b5 29.
Na5 Qf3 30. d6 Rd8 31. Qxc5 Rf6 32. d7 e4 33. Qe7+ Rf7 34. Qe5+ Kg8 35. Rf1 Rff8 36. Qe6+ Kh7 37. Qe7+ Kg6 38. Rd6+ Rf6 39. Rxf6+ Qxf6 40. Qxe4+ Qf5 41. Qe8+ Qf7 42. Qxd8 1-0

[Event "*** Titled Tuesday Blitz"]
[Site "Chess.com"]
[Date "2020.11.24"]
[Round "6"]
[White "Taktikmonster"]
[Black "AIROPITO7"]
[Result "0-1"]
[WhiteElo "2132"]
[BlackElo "2562"]
[TimeControl "180+1"]
[EndTime "11:22:54 PST"]
[Termination "AIROPITO7 won on time"]

1. e4 c5 2. Nf3 e6 3. d4 cxd4 4.
Nxd4 Nf6 5. Nc3 Nc6 6. Ndb5 Bc5 7. Bf4 O-O 8. Bd6 Bxd6 9. Nxd6 Qe7 10. Be2 Ne8 11.
Ncb5 Nf6 12. O-O a6 13. Nc3 Ne8 14. Nc4 b5 15. Nb6 Rb8 16. Nxc8 Rxc8 17. a4 b4 18. Na2 a5 19. c3 Rb8 20. Bb5 Nc7 21. Bxc6 dxc6 22.
cxb4 axb4 23. b3 Na6 24. Nc1 Nc5 25. Qc2 Rfd8 26. Ne2 Rbc8 27. Rfc1 Nd3 28. Rd1 Ne5 29. Rxd8+ Rxd8 30. Rd1 Rxd1+ 31. Qxd1 h6 32. Qd4 Nd7 33. f3 c5 34. Qc4 Ne5 35. Qb5 Qd6 36. a5 Qd1+ 37. Kf2 Qd2 38. a6 Nd3+ 39. Kg3 Qxe2 40.
a7 Qf2+ 41. Kh3 Ne1 42. a8=Q+ Kh7 43. Kg4 g5 0-1

[Event "*** Titled Tuesday Blitz"]
[Site "Chess.com"]
[Date "2020.11.24"]
[Round "6"]
[White "Chessalary"]
[Black "LaPorfia"]
[Result "0-1"]
[WhiteElo "2414"]
[BlackElo "2308"]
[TimeControl "180+1"]
[EndTime "11:22:55 PST"]
[Termination "LaPorfia won by checkmate"]

1. e4 d5 2. exd5 Nf6 3. Nc3 Nxd5 4. d3 g6 5. Nf3 Bg7 6. Bd2 O-O 7. Be2 Nc6 8. O-O Nxc3 9. Bxc3 Bxc3 10. bxc3 e6 11. d4 Qf6 12. Qd2 b6 13. Bd3 Bb7 14.
Be4 Na5 15. Bxb7 Nxb7 16. Qh6 Qg7 17. Qh3 h6 18. Ne5 Rad8 19. Rae1 Nd6 20. Re3 Nf5 21.
Rf3 Kh7 22. g4 Nd6 23. g5 h5 24. Ng4 Ne4 25. Nf6+ Nxf6 26. Rxf6 Rd5 27. f4 Re8 28. Re1 Red8 29. Re4 c5 30. Qe3 Kg8 31. Rexe6 fxe6 32. Qxe6+ Kh8 33. Rxg6 R5d6 34. Qxd6 Rxd6 35. Rxd6 Qe7 36. Rd5 Qe1+ 37. Kg2 Qe4+ 38. Kg3 Qxd5 39. Kh4 cxd4 40. Kxh5 dxc3 41. Kh6 Qf5 42. g6 Kg8 43. a4 a5 44.
h4 Qxf4+ 45. Kh5 Qf5+ 46. Kh6 Qf4+ 47. Kh5 Qe5+ 48. Kh6 Qd6 49. h5 Qd2# 0-1

[Event "*** Titled Tuesday Blitz"]
[Site "Chess.com"]
[Date "2020.11.24"]
[Round "6"]
[White "Legendinunknown"]
[Black "SergeyShtyka"]
[Result "0-1"]
[WhiteElo "2664"]
[BlackElo "2406"]
[TimeControl "180+1"]
[EndTime "11:22:56 PST"]
[Termination "SergeyShtyka won by checkmate"]

1. d4 c5 2. d5 e5 3. e4 d6 4. Nc3 Be7 5. f4 exf4 6. Bxf4 a6 7. Nf3 Nf6 8. a4 O-O 9. Bc4 Nbd7 10. Qd2 Nh5 11.
Be3 Bf6 12. O-O Ne5 13. Nxe5 Bxe5 14. g3 Nf6 15. Qg2 Ng4 16. Bf4 Qe7 17. Rae1 Bd7 18. h3 Bxc3 19. bxc3 Ne5 20. Bd3 Bxa4 21. c4 Bd7 22. g4 b5 23. cxb5 axb5 24. Qg3 f6 25. g5 c4 26. Be2 Rae8 27. Bh5 g6 28. gxf6 Rxf6 29. Bg4 Bxg4 30. hxg4 Rff8 31. Bh6 Rxf1+ 32.
Rxf1 Qd7 33. Rf4 Qe7 34. Qf2 Nf7 35. g5 Nxh6 36. gxh6 Rf8 37. Rxf8+ Qxf8 38. Qg3 Qxh6 39. Qxd6 Qc1+ 40. Kg2 Qxc2+ 41. Kf3 Qd3+ 42. Kf4 Qf1+ 43. Ke5 Qf7 44. Qb8+ Kg7 45. Qxb5 Qf6# 0-1

[Event "*** Titled Tuesday Blitz"]
[Site "Chess.com"]
[Date "2020.11.24"]
[Round "6"]
[White "mr_gustavo"]
[Black "Campelov"]
[Result "1-0"]
[WhiteElo "2399"]
[BlackElo "2196"]
[TimeControl "180+1"]
[EndTime "11:22:58 PST"]
[Termination "mr_gustavo won on time"]

1. d4 Nf6 2. c4 g6 3. Nf3 Bg7 4.
g3 d6 5. Bg2 O-O 6. O-O Nbd7 7.
Nc3 e5 8. e4 c6 9. h3 Qb6 10.
d5 Nc5 11. Nd2 a5 12. Rb1 h6 13. Qc2 Bd7 14. b3 Rac8 15. a3 cxd5 16. exd5 Qc7 17. b4 axb4 18. axb4 Na6 19. Qb2 b6 20. Ra1 Ra8 21. Qb3 Qc8 22. Bb2 Bxh3 23. Nde4 Bxg2 24.
Kxg2 Nxe4 25. Nxe4 Qc7 26. Ra4 f5 27. Nc3 f4 28. Rfa1 f3+ 29. Kf1 Qb7 30. Ne4 Rfd8 31. Qxf3 Nc7 32. Qa3 Rxa4 33. Qxa4 b5 34. Qa7 Qc8 35. c5 Qh3+ 36. Ke2 Nxd5 37. cxd6 Qf5 38. f3 Rf8 39. Ra3 Qh3 40. Qf2 Nxb4 41. Rb3 Nc2 42. Rxb5 Nd4+ 43. Bxd4 exd4 44. Rb7 Ra8 45. Rxg7+ Kxg7 46. Qxd4+ Kh7 47. Nf6+ Kg7 48. Nh5+ 1-0

[Event "*** Titled Tuesday Blitz"]
[Site "Chess.com"]
[Date "2020.11.24"]
[Round "6"]
[White "PattyCastillo"]
[Black "VladaSviridova"]
[Result "0-1"]
[WhiteElo "2043"]
[BlackElo "2279"]
[TimeControl "180+1"]
[EndTime "11:22:58 PST"]
[Termination "VladaSviridova won by resignation"]

1. d4 d5 2. Nf3 Nf6 3. e3 c5 4. Bd3 cxd4 5. exd4 Nc6 6. O-O Bg4 7. c3 e6 8. Nbd2 Bd6 9. Qc2 O-O 10. Re1 Rc8 11.
a3 a5 12. Qb1 Qc7 13. Nf1 Bxf3 14. gxf3 e5 15. Bg5 e4 16. fxe4 Nxe4 17. Bxe4 dxe4 18.
Qxe4 h6 19. Bh4 Rce8 20. Qg4 Ne7 21. Bg3 Ng6 22. Ne3 Bxg3 23. hxg3 Qb6 24. Rab1 a4 25. c4 Qf6 26. Nd5 Qc6 27. Rbc1 f5 28. Qd1 f4 29. Qd3 f3 30. Ne3 Qf6 31. d5 Qg5 32. d6 Rd8 33. c5 Ne5 34. Qd5+ Kh8 35. Qe4 Rfe8 36. Qd5 Rf8 37. Qxb7 Nd3 38. Qe4 Nxc1 39. Rxc1 Rfe8 40. Qd4 Qf6 41. Qxf6 gxf6 42. c6 Rxd6 43. c7 Rc8 44. Nf5 Rd7 45. b3 axb3 46. Rc3 b2 47. Rb3 Rd1+ 48.
Kh2 b1=Q 0-1

[Event "*** Titled Tuesday Blitz"]
[Site "Chess.com"]
[Date "2020.11.24"]
[Round "6"]
[White "jacky72"]
[Black "Gerodot71"]
[Result "1/2-1/2"]
[WhiteElo "2688"]
[BlackElo "2473"]
[TimeControl "180+1"]
[EndTime "11:22:59 PST"]
[Termination "Game drawn by repetition"]

1. d4 Nf6 2. c4 e6 3. Nf3 d5 4. Nc3 Bb4 5. cxd5 exd5 6. Bg5 h6 7. Bh4 O-O 8. e3 c5 9. Bd3 Nc6 10. O-O Bg4 11. h3 Bh5 12. dxc5 Bxc5 13. Be2 Bb6 14. Bxf6 Qxf6 15. Qxd5 Bg6 16. Rad1 Rad8 17. Qb5 Ne7 18. Rxd8 Rxd8 19. Rd1 Rxd1+ 20. Bxd1 Qd6 21. Bb3 Kh7 22. Ne5 Qf6 23. Nd7 Qd6 24. Nf8+ Kg8 25. Qe8 Qd8 26.
Qxd8 Bxd8 27. Nd7 Nc6 28. Nd5 Bf5 29. Nc5 Bc8 30. Ne4 Ne7 31. Nd6 Be6 32. Nxe7+ Bxe7 33. Bxe6 Bxd6 34. Bd5 b6 35. f4 Kf8 36. Kf2 Ke7 37. Kf3 f5 38. g4 g6 39. h4 Kf6 40. Bc4 Bc5 41. Bd3 fxg4+ 42. Kxg4 Bxe3 43. Kf3 Bd4 44. b3 Bc5 45. Ke4 a5 46. Kd5 h5 47. Kc6 Bf2 48. a4 Be3 49. Kb5 Bc5 50. Kc4 Bf2 51. Kb5 Be3 52. Be4 Bxf4 53. Kxb6 Bd2 54. Kc5 g5 55. hxg5+ Kxg5 56. Kd4 Kf4 57. Kd3 Bb4 58. Bc6 h4 59. Ke2 Kg3 60. Kf1 h3 61. Bb7 h2 62.
Ba8 Kf4 63. Bb7 Ke3 64. Kg2 Bd6 65. Bd5 Kd4 66. Bc4 Kc3 67. Kh1 Kb4 68. Bg8 Kc3 69.
Bf7 Kb4 70. Bg8 Kc3 71. Kg2 Kb4 72. Bd5 Kc3 73. Kf1 Kd4 74. Bh1 Kc3 75. Ke2 Kxb3 76.
Bc6 Kb4 77. Kd3 Kc5 78. Ba8 Kb4 79. Bb7 Bc5 80. Bc6 Bg1 81. Ke2 Bd4 82. Kf1 Bc5 83. Kg2 Bd6 84. Bb5 Kc5 85. Kh1 Kd4 86. Kg2 Kc3 87.
Kh1 Kb4 88. Kg2 Kc5 89. Kh1 Kb4 90. Kg2 1/2-1/2

[Event "*** Titled Tuesday Blitz"]
[Site "Chess.com"]
[Date "2020.11.24"]
[Round "6"]
[White "DrVelja"]
[Black "vinniethepooh"]
[Result "1-0"]
[WhiteElo "2776"]
[BlackElo "2613"]
[TimeControl "180+1"]
[EndTime "11:23:00 PST"]
[Termination "DrVelja won on time"]

1. e4 c5 2. Nc3 d6 3. f4 Nc6 4. Bb5 Bd7 5. Nf3 g6 6. O-O Bg7 7. d3 a6 8. Bxc6 Bxc6 9. Qe1 Qd7 10. a4 e6 11. a5 Ne7 12. Qh4 h6 13. Bd2 O-O-O 14.
Qf2 f5 15. e5 Bxf3 16. exd6 Bd4 17. Be3 Nd5 18. Bxd4 cxd4 19. Na4 Bh5 20. c4 dxc3 21. Qa7 Qxd6 22. Rac1 Kd7 23. Nc5+ Ke7 24. Rce1 Nc7 25. bxc3 Ra8 26. Qb6 Qxb6 27. axb6 Kd6 28. d4 Nb5 29. Rxe6+ Kd5 30. Rc1 Rac8 31. c4+ Kxd4 32. Nb3+ Kd3 33. cxb5 Rxc1+ 34. Nxc1+ Kc2 35. bxa6 Kxc1 36. a7 Bd1 37.
Re7 Ba4 38. Rxb7 Kd2 39. Rb8 1-0

[Event "*** Titled Tuesday Blitz"]
[Site "Chess.com"]
[Date "2020.11.24"]
[Round "6"]
[White "Slovak_fighter2000"]
[Black "MarcoRiehle"]
[Result "1-0"]
[WhiteElo "2470"]
[BlackElo "2674"]
[TimeControl "180+1"]
[EndTime "11:23:00 PST"]
[Termination "Slovak_fighter2000 won by resignation"]

1. d4 d5 2. Nf3 e6 3. Bf4 Bd6 4. Bg3 c5 5. e3 Nc6 6. c3 Nf6 7. Nbd2 O-O 8. Bd3 Re8 9. Ne5 Bxe5 10. dxe5 Nd7 11. Nf3 Qc7 12. O-O g6 13. e4 Ndxe5 14. exd5 exd5 15. Re1 f6 16. Bb5 Nxf3+ 17. Qxf3 Rxe1+ 18. Rxe1 Qf7 19. Bd6 Ne5 20. Bxe5 fxe5 21. Rxe5 Be6 22.
Qe3 d4 23. cxd4 cxd4 24. Qxd4 Bxa2 25. h4 a6 26. Bd3 Re8 27. f4 Rxe5 28. Qxe5 Qd7 29.
Be4 Bf7 30. Qb8+ Kg7 31. Qxb7 Qd1+ 32. Kh2 Qe1 33. g3 Kh6 34. Qxf7 Qxe4 35. Qf8+ Kh5 36. Qc5+ Kg4 37. Qc8+ Kf3 38. Qc3+ Ke2 39. Qe5 Kf3 40. Qxe4+ Kxe4 41. Kh3 h5 42. Kg2 Ke3 43. b4 Kd4 44. Kf3 Kc4 45. g4 hxg4+ 46. Kxg4 Kxb4 47. h5 gxh5+ 48. Kxh5 a5 49. f5 a4 50. f6 a3 51. f7 a2 52.
f8=Q+ Kb3 53. Qf6 1-0

[Event "*** Titled Tuesday Blitz"]
[Site "Chess.com"]
[Date "2020.11.24"]
[Round "6"]
[White "santosalberto1987"]
[Black "arjwezhrtdrz"]
[Result "0-1"]
[WhiteElo "2439"]
[BlackElo "2328"]
[TimeControl "180+1"]
[EndTime "11:23:00 PST"]
[Termination "arjwezhrtdrz won by resignation"]

1. e4 e6 2. d4 d5 3. Nc3 dxe4 4.
Nxe4 Bd7 5. Nf3 Bc6 6. Bd3 Nd7 7. O-O Ngf6 8. Nxf6+ Qxf6 9. c3 Bxf3 10. Qxf3 Qxf3 11.
gxf3 c6 12. Bf4 Nf6 13. Bg3 O-O-O 14. Bc2 Bd6 15. Rad1 Nd5 16. Bb3 Nf4 17. Bxf4 Bxf4 18. Kg2 Kc7 19. Rfe1 Bg5 20. Kg3 Bf6 21. f4 g6 22. Kf3 h5 23. Bc4 Rd7 24. Bb3 Rhd8 25. Bc2 b6 26. Bb3 c5 27. dxc5 bxc5 28. Rxd7+ Rxd7 29. Rd1 Rxd1 30. Bxd1 a5 31. Ke4 Kd6 32. Ba4 Bh4 33. f3 Be1 34. Ke3 Bh4 35. Bb5 Bf6 36.
Ke4 Bg7 37. Ke3 Ke7 38. h3 Bh6 39. Kd3 Bxf4 40. Kc4 Kd6 41. Be8 Ke7 42. Bc6 Bc1 43. b3 Ba3 44. Kb5 Bb2 45. Kxa5 Bxc3+ 46. Kb6 Kd6 47. a4 g5 48. Be8 Ke7 49. Bc6 Bd4 50. Kb5 f5 51. a5 c4 52. Kxc4 Ba7 53. b4 Kd6 54. Be8 g4 55. hxg4 h4 56. b5 h3 57.
b6 Bxb6 58. axb6 h2 0-1

[Event "*** Titled Tuesday Blitz"]
[Site "Chess.com"]
[Date "2020.11.24"]
[Round "6"]
[White "Chesswizard_2007"]
[Black "GM_Levan_Pantsulaia"]
[Result "1-0"]
[WhiteElo "2637"]
[BlackElo "2819"]
[TimeControl "180+1"]
[EndTime "11:23:01 PST"]
[Termination "Chesswizard_2007 won on time"]

1. d4 Nf6 2. c4 c5 3. d5 e6 4. Nc3 exd5 5. cxd5 d6 6. g3 g6 7. Bg2 Bg7 8. Nf3 O-O 9. O-O a6 10. a4 Re8 11. Re1 Nbd7 12. Bf4 Qe7 13. Qc1 Rb8 14. e4 Ng4 15. h3 Nge5 16. Nxe5 Nxe5 17. Qd2 b5 18.
axb5 axb5 19. Bg5 Qc7 20. f4 Nc4 21. Qe2 h6 22. Bh4 Nxb2 23. e5 Nc4 24. Nxb5 Rxb5 25. Qxc4 Rb4 26. Qc2 dxe5 27. Rac1 e4 28. Kh2 c4 29.
Rxe4 Rxe4 30. Qxe4 Bf5 31. Qe8+ Kh7 32. Re1 Rb8 33.
Qc6 Rc8 34. Qxc7 Rxc7 35. d6 Rd7 36. Be7 c3 37. g4 Bd3 38. Bc6 Ra7 39. d7 Rxd7 40.
Bxd7 c2 41. Ba3 Bc3 42. Re3 Bb4 43. Bc1 Bf1 44. Rb3 Be1 45. Bc6 Bc4 46. Rb2 Bd3 47. Bb5 1-0

[Event "*** Titled Tuesday Blitz"]
[Site "Chess.com"]
[Date "2020.11.24"]
[Round "6"]
[White "mjray79"]
[Black "xberli"]
[Result "0-1"]
[WhiteElo "2440"]
[BlackElo "2572"]
[TimeControl "180+1"]
[EndTime "11:23:01 PST"]
[Termination "xberli won on time"]

1. d4 Nf6 2. c4 e6 3. g3 d5 4. Bg2 Bb4+ 5. Bd2 Be7 6. Nf3 O-O 7.
O-O dxc4 8. Qc2 b5 9. Ng5 c6 10. a4 h6 11. Nf3 b4 12. Qxc4 a5 13. Bf4 Ba6 14. Qc2 Nbd7 15. Re1 Rc8 16. Nbd2 c5 17. dxc5 Nd5 18. Rad1 Bxc5 19. Qb1 Nxf4 20. gxf4 Qf6 21. Ne4 Qe7 22. Nxc5 Nxc5 23. Ne5 Bb7 24. e4 Nxa4 25. Qa1 Nc5 26. Qxa5 Qh4 27. Nd7 Nxd7 28. Rxd7 Bc6 29.
Rd6 Qxf4 30. Qxb4 Ba8 31. Rd2 Rb8 32. Qa5 Bc6 33. Rc2 Rb5 34. Qa6 Be8 35. Rd1 Rg5 36.
Qf1 Qg4 37. f3 Qf4 38. Kh1 Bb5 39. Qf2 Rh5 40. Bf1 Ba4 41. Rcd2 Bxd1 42. Rxd1 Rb8 43. Rb1 Rg5 44. b4 Qe5 45. Bd3 Rg6 46. f4 Qc3 47. f5 Qxd3 0-1

[Event "*** Titled Tuesday Blitz"]
[Site "Chess.com"]
[Date "2020.11.24"]
[Round "6"]
[White "Alexander_Kachko"]
[Black "Mr_Heisenberg13"]
[Result "1/2-1/2"]
[WhiteElo "2777"]
[BlackElo "2528"]
[TimeControl "180+1"]
[EndTime "11:23:02 PST"]
[Termination "Game drawn by agreement"]

1. e4 e5 2. Nf3 Nc6 3. Bc4 Bc5 4. c3 Nf6 5. d3 a6 6. Bb3 Ba7 7. O-O d6 8. Be3 h6 9. Nbd2 Nh5 10. Bxa7 Rxa7 11.
d4 Nf4 12. dxe5 dxe5 13. Nc4 Qf6 14. Ne3 O-O 15. Nd5 Nxd5 16. exd5 Ne7 17. Qe2 Ng6 18. Qe3 Ra8 19. Rfe1 Re8 20. g3 Bg4 21. Nd2 Bf5 22. f3 Rad8 23. Ne4 Bxe4 24. fxe4 Qg5 25. Qxg5 hxg5 26. c4 c5 27. dxc6 bxc6 28. Rad1 Nf8 29. c5 Rd4 30. Rf1 Ne6 31. Bxe6 Rxe6 32. Rfe1 Re8 33.
Rxd4 exd4 34. Kf2 f6 35. Kf3 Kf7 36. Rd1 Rd8 37. Ke2 Ke6 38. Kd3 Ke5 39. h4 gxh4 40.
gxh4 Rh8 41. Rh1 Rh5 42. Rf1 g6 43. Rg1 Rxh4 44. Rxg6 Rh3+ 45. Kc4 Rh2 46. Rg7 Kxe4 47. Re7+ Kf5 48. b4 Rxa2 49. Rc7 a5 50. Rxc6 axb4 51.
Rd6 Ke5 52. Rd5+ Ke6 53. Rxd4 1/2-1/2

[Event "*** Titled Tuesday Blitz"]
[Site "Chess.com"]
[Date "2020.11.24"]
[Round "6"]
[White "1977Ivan"]
[Black "LPSupi"]
[Result "1-0"]
[WhiteElo "2677"]
[BlackElo "2912"]
[TimeControl "180+1"]
[EndTime "11:23:02 PST"]
[Termination "1977Ivan won on time"]

1. d4 Nf6 2. Nf3 g6 3. g3 Bg7 4. c4 O-O 5. Bg2 d6 6. Nc3 Nc6 7. d5 Na5 8. b3 c5 9. Bd2 a6 10. a4 e6 11. dxe6 Bxe6 12. O-O Re8 13. Ne1 Bf5 14. Rc1 Qb6 15. Nd5 Nxd5 16. Bxa5 Qxa5 17. Bxd5 Rab8 18. Ng2 Bh6 19. e3 Qc7 20. Qe2 Bd7 21. Qf3 Rf8 22. Ra1 Bg7 23. Ra2 Qa5 24. Qe2 Qc3 25.
Qd1 b5 26. cxb5 axb5 27. a5 Rbc8 28. Nf4 Rc7 29. a6 Ra7 30. Bb7 Qe5 31. Rd2 c4 32.
bxc4 bxc4 33. Rd5 Qe7 34. Rxd6 Bg4 35. Qd5 c3 36. Rc6 Bf5 37. Qc4 Qd8 38. Rc7 h5 39. Qc5 Qd2 40. Qxa7 c2 41. Qc5 Bb2 42. a7 c1=Q 43. Rxc1 Bxc1 44. Qxc1 Qa5 45. a8=Q 1-0

[Event "*** Titled Tuesday Blitz"]
[Site "Chess.com"]
[Date "2020.11.24"]
[Round "6"]
[White "Sanan_Sjugirov"]
[Black "elcandado"]
[Result "0-1"]
[WhiteElo "2898"]
[BlackElo "2670"]
[TimeControl "180+1"]
[EndTime "11:23:02 PST"]
[Termination "elcandado won on time"]

1. b3 d5 2. Bb2 Bf5 3. e3 e6 4. Nc3 Nf6 5. h4 h6 6. Nge2 c5 7. d4 Nc6 8. f3 Rc8 9. Qd2 cxd4 10. exd4 a6 11. a3 Bd6 12. g4 Bg6 13. h5 Bh7 14.
Bg2 Qc7 15. O-O O-O 16. Kh1 Kh8 17. Nd1 b5 18. Ne3 Bf4 19. Nxf4 Qxf4 20. Rad1 Rc7 21. Qf2 Rfc8 22. b4 a5 23. c3 axb4 24. axb4 Ra8 25.
Ra1 Rca7 26. Rxa7 Rxa7 27. Bc1 Qb8 28. Qh4 Qd8 29. Re1 Nd7 30. Qg3 Nf6 31. Nf1 Ra2 32. Bf4 Ng8 33. Kg1 Qa8 34. g5 hxg5 35. Bxg5 Nce7 36.
Ne3 Nf5 37. Nxf5 Bxf5 38. Qh4 Ra1 39. Bf4 Qa3 40. Bd2 Rxe1+ 41. Qxe1 Bd3 42. Kh2 Qa2 43. Bf4 Qc2 44. Bd2 Nf6 0-1